 Dungeon Crawl Stone Soup version 0.31-a0-844-gdc52ec4e09 (webtiles) character file.

Game seed: 9433348758068861721

101142 Shayle the Warrior (level 15, -7/134 HPs)
             Began as a Demonspawn Reaver on Sept 29, 2023.
             Was a Priest of Ashenzari.
             Mangled by a spriggan berserker
             ... wielding a +0 war axe
              (13 damage)
             ... on level 14 of the Dungeon.
             The game lasted 02:05:47 (30665 turns).

Shayle the Warrior (Demonspawn Reaver)             Turns: 30665, Time: 02:05:48

Health: -7/134     AC: 17    Str: 13    XL:     15   Next: 82%
Magic:  0/29       EV: 12    Int: 24    God:    Ashenzari [***...]
Gold:   1454       SH:  5    Dex: 12    Spells: 15/34 levels left

rFire   + . .        h - +7 scimitar (drain)
rCold   + + +        (no shield)
rNeg    . . .        G - +4 skin of Zhor {*Englaciate rC+++ SInv}
rPois   +            y - +2 hat {Int+3}
rElec   .            d - +2 cloak of the Unyielding Gaze {Self, Cun} (curse)
rCorr   .            q - +1 pair of gloves
SInv    +            (boots unavailable)
Will    +....        K - amulet of the Shattered Augur {Reflect SH+5, Fort, Elem} (curse)
Stlth   +            B - ring of the Eternal Adversity {rF+, Comp, Alch} (curse)
HPRegen 1.22/turn    E - ring of Supernal Knowledge {rPois, Bglg, Dev} (curse)
MPRegen 0.42/turn

%: reflection, clarity, guardian spirit
@: very slightly contaminated, hasted, very quick
A: hooves 3, thin metallic scales 2, demonic guardian 2, magic shield, magic
regeneration, regeneration 1, evolution 1
a: Renounce Religion, Curse Item, Shatter the Chains


You were on level 14 of the Dungeon.
You worshipped Ashenzari.
Ashenzari was most pleased with you.
You visited 5 branches of the dungeon, and saw 23 of its levels.
You also visited: Sewer and Ice Cave.

You collected 2218 gold pieces.
You spent 764 gold pieces at shops.

Inventory:

Hand Weapons
 h - a +7 scimitar of draining (weapon)
 m - the +9 shortbow of Contradiction {freeze, Fly Str+3 Dex-5}
   (You found it on level 3 of the Lair of Beasts)

   Str+3:     It affects your strength (+3).
   Dex-5:     It affects your dexterity (-5).
   Fly:       It grants you flight.
 F - a +4 hand axe
Missiles
 e - 2 silver javelins
 s - 4 curare-tipped darts (quivered)
Armour
 d - the cursed +2 cloak of the Unyielding Gaze (worn) {Self, Cun}
   (You found it on level 1 of the Dungeon)

   It has a curse which improves the following skills: Introspection: Fighting
   and Spellcasting.
   Cunning:   Dodging and Stealth.
 q - a +1 pair of gloves (worn)
 y - a +2 hat of intelligence (worn)
 G - the +4 skin of Zhor (worn) {*Englaciate rC+++ SInv}
   (You found it in an ice cave)

   *Englaciate: It radiates cold, occasionally slowing all nearby creatures who
   are not resistant to cold.
   rC+++:     It renders you almost immune to cold.
   SInv:      It lets you see invisible.
 H - a +0 troll leather armour
 O - a +2 tower shield of cold resistance
 S - +0 acid dragon scales
Jewellery
 a - a ring of ice
 b - a ring of flight
 k - an amulet of the acrobat
 x - a ring of protection from fire
 B - the cursed ring of the Eternal Adversity (left hand) {rF+, Comp, Alch}
   (You found it on level 6 of the Dungeon)

   [ring of protection from fire]

   rF+:       It protects you from fire.
   It has a curse which improves the following skills: Companions: Summonings
   and Necromancy.
   Alchemy:   Poison Magic and Transmutations.
 E - the cursed ring of Supernal Knowledge (right hand) {rPois, Bglg, Dev}
   (You found it on level 9 of the Dungeon)

   [ring of poison resistance]

   rPois:     It protects you from poison It has a curse which improves the
   following skills: Beguiling: Conjurations, Hexes and Translocations.
   Devices:   Evocations and Shapeshifting.
 K - the cursed amulet of the Shattered Augur (around neck) {Reflect SH+5, Fort, Elem}
   (You found it on level 7 of the Dungeon)

   [amulet of reflection]

   Reflect:   It reflects blocked missile attacks.
   SH+5:      It affects your SH (+5).
   It has a curse which improves the following skills: Fortitude: Armour and
   Shields.
   Elements:  Fire Magic, Ice Magic, Air Magic and Earth Magic.
 L - an amulet of magic regeneration
Wands
 w - a wand of digging (8)
 I - a wand of flame (11)
 J - a wand of acid (4)
 M - a wand of mindburst (14)
 Q - a wand of paralysis (3)
 U - a wand of roots (4)
Scrolls
 j - 3 scrolls of fog
 n - 2 scrolls of poison
 A - 2 scrolls of noise
 D - a scroll of enchant weapon
Potions
 c - 3 potions of attraction
 g - 8 potions of curing
 i - 2 potions of mutation
 l - 3 potions of might
 p - 3 potions of brilliance
 r - 2 potions of enlightenment
 t - a potion of invisibility
 u - a potion of lignification
 v - a potion of magic
 z - 2 potions of haste
 C - 3 potions of ambrosia
 T - a potion of resistance
Miscellaneous
 f - a phial of floods (inert)
 N - a phantom mirror (inert)


   Skills:
 - Level 16.0(17.3) Fighting
 - Level 2.6 Polearms
 - Level 8.3(9.9) Armour
 - Level 1.7(2.8) Dodging
 - Level 8.7(10.2) Spellcasting
 - Level 5.5(7.0) Conjurations
 - Level 8.5(10.0) Necromancy
 + Level 13.0(14.4) Fire Magic
 - Level 11.5(12.9) Earth Magic


You had 15 spell levels left.
You knew the following spells:

 Your Spells              Type           Power      Damage    Failure   Level
a - Kiss of Death         Conj/Necr      100%       2d13      1%          1
b - Stone Arrow           Conj/Erth      100%       3d13      1%          3
c - Blink                 Tloc           26%        N/A       8%          2
d - Fireball              Conj/Fire      29%        3d13      1%          5
e - Ignition              Fire           34%        3d11      67%         8

Your spell library contained the following spells:

 Spells                   Type           Power      Damage    Failure   Level
 Momentum Strike          Conj/Tloc      58%        3d9       1%          2
 Scorch                   Fire           100%       2d9       1%          2
 Sublimation of Blood     Necr           57%        N/A       1%          2
 Inner Flame              Hex/Fire       47%        N/A       1%          3
 Brom's Barrelling Bould  Conj/Erth      57%        2d7       1%          4
 Flame Wave               Conj/Fire      59%        2d14      1%          4
 Hailstorm                Conj/Ice       29%        3d8       3%          3
 Animate Armour           Summ/Erth      86%        N/A       3%          4
 Leda's Liquefaction      Hex/Erth       21%        N/A       3%          4
 Petrify                  Tmut/Erth      43%        N/A       3%          4
 Summon Small Mammal      Summ           52%        N/A       4%          1
 Ensorcelled Hibernation  Hex/Ice        26%        N/A       8%          2
 Jinxbite                 Hex            26%        N/A       8%          2
 Iskenderun's Battlesphe  Conj           46%        2d10      8%          5
 Call Canine Familiar     Summ           13%        N/A       14%         3
 Confusing Touch          Hex            13%        N/A       14%         3
 Summon Guardian Golem    Hex/Summ       13%        N/A       14%         3
 Irradiate                Conj/Tmut      14%        3d16      32%         5
 Plasma Beam              Fire/Air       23%        2x1d35    36%         6
 Manifold Assault         Tloc           13%        N/A       43%         4
 Simulacrum               Ice/Necr       18%        N/A       67%         6
 Metabolic Englaciation   Hex/Ice        6%         N/A       80%         5
 Haunt                    Necr/Summ      18%        N/A       99%         7
 Borgnjor's Revivificati  Necr           28%        N/A       99%         8
 Lehudib's Crystal Spear  Conj/Erth      28%        10d8      99%         8
 Death's Door             Necr           28%        N/A       100%        9


Dungeon Overview and Level Annotations

Branches:
Dungeon (14/15)            Temple (1/1) D:6            Lair (5/5) D:8
 Shoals (1/4) Lair:2       Spider (0/4) Lair:2        Slime (0/5) Lair:4
    Orc (2/2) D:11            Elf (0/3) Orc:2        Vaults (0/5) D:13
  Sewer (visited)           IceCv (visited)

Altars:
Ashenzari
Cheibriados
Dithmenos
Fedhas
Gozag
Hepliaklqana
Kikubaaqudgha
Makhleb
Nemelex Xobeh
Okawaru
Qazlal
Ru
Sif Muna
Trog
Uskayaw
Vehumet
Wu Jian
Xom
Yredelemnul

Shops:
D:3 :   D:4 !:(   Orc:1 (   Orc:2 =[[[(

Annotations:
Lair:2 exclusion: door
Shoals:1 Aizul


Innate Abilities, Weirdness & Mutations

You have hooves in place of feet.
You are mostly covered in thin metallic scales. (AC +3)
A demonic guardian rushes to your aid.
When hurt, damage is shared between your health and your magic reserves.
You regenerate magic rapidly.
Your natural rate of healing is unusually fast.
You have hidden genetic potential.


Message History

Unknown command.
Okay, then.
Okay, then.
Okay, then.
Okay, then.
Okay, then.
Your cyclops is no longer moving slowly.
The spriggan berserker hits you with a +0 rapier.
* * * LOW HITPOINT WARNING * * *
You block the spriggan berserker's attack.
Your magical contamination has completely faded away.
You radiate an aura of cold.
The spriggan berserker resists.
The spriggan berserker seems to slow down.
The polar bear is unaffected.
The spriggan berserker rages.
Casting: Blink (safe; 8% risk of failure)
Confirm with . or Enter, or press ? or * to list all spells.
Okay, then.
The spriggan berserker rages.
The spriggan berserker attacks as it pursues you!
The spriggan berserker hits you with a +0 war axe.
* * * LOW HITPOINT WARNING * * *
Casting: Blink (safe; 8% risk of failure)
Confirm with . or Enter, or press ? or * to list all spells.
Okay, then.
You radiate an aura of cold.
The spriggan berserker seems to slow down. x2
The polar bear is unaffected.
You feel ready to blink again.
The spriggan berserker rages.
You radiate an aura of cold.
The spriggan berserker resists.
The spriggan berserker seems to slow down.
The polar bear is unaffected.
Casting: Blink (safe; 8% risk of failure)
Confirm with . or Enter, or press ? or * to list all spells.
You miscast Blink.
You are very lightly contaminated with residual magic.
Nothing appears to happen.
The spriggan berserker hits you with a +0 war axe!
You die...

#....#.#..♣♣..#..#
##.........♣..#..#
##T#.).#..♣..#..#
##.........♣..####
#....#.#..♣♣..# #
#..♣.....♣♣...#
#..#..♣♣...♣♣ ..##
#.....♣♣♣♣♣...#
##....hi@....#
##...i......#
##.........#
###########


You could see 2 spriggan berserkers and a polar bear (summoned, berserk).

Vanquished Creatures
  Rupert (Lair:3)
  Gastronok (Lair:2)
  2 catoblepae
  6 vault guards (D:13)
  2 hydras (Lair:4)
  2 centaur warriors (D:14)
  2 ogre magi (Orc:2)
  Fannar (D:11)
  An anaconda (Lair:2)
  2 ironbound frosthearts (IceCv)
  11 two-headed ogres
  A merfolk avatar (Lair:5)
  6 death yaks (IceCv)
  Urug (Lair:3)
  3 orc high priests
  A spriggan berserker (D:14)
  Sonja (Lair:1)
  A skyshark (Lair:5)
  2 sea snakes (Lair:5)
  2 deep trolls (Orc:2)
  A wizard (D:14)
  2 orc knights
  A deep elf pyromancer (D:12)
  2 harpies (Lair:5)
  3 manticores
  3 cyclopes
  2 ugly things
  3 orc sorcerers
  An oklob plant (Lair:3)
  9 centaur zombies (D:10)
  4 black mambas
  21 elephants
  4 torpor snails
  An ice statue (IceCv)
  14 cane toads
  A gargoyle (D:12)
  2 unseen horrors (D:13)
  Psyche (D:8)
  7 rime drakes
  6 komodo dragons
  An unseen horror zombie (D:10)
  A kobold demonologist (D:12)
  A tengu conjurer (D:12)
  2 meliai (D:14)
  15 trolls
  A wind drake (Lair:5)
  11 polar bears
  2 hornets
  Prince Ribbit (D:7)
  A merfolk (Shoals:1)
  11 blink frogs (Lair:5)
  A snapping turtle (Lair:5)
  14 slime creatures
  2 centaur simulacra (D:12)
  A shadow (D:12)
  A water elemental (D:12)
  10 wyverns
  A vampire (D:12)
  34 yaks
  4 basilisks
  Grum (D:11)
  6 vampire mosquitoes
  2 steam dragons
  5 wargs
  4 acid dragons
  21 water moccasins
  4 ice beasts (D:12)
  21 orc warriors
  A sky beast (D:6)
  21 ogres
  6 black bears
  14 centaurs
  27 wolves
  2 kobold brigands
  A phantom (D:5)
  17 bullfrogs
  3 scorpions
  14 wights
  11 killer bees
  5 howler monkeys
  6 electric eels
  A vampire bat (Lair:5)
  5 jellies
  2 gnoll boudas
  2 hounds
  14 orc priests
  5 iguanas
  A sleepcap (D:7)
  6 hell rats
  11 orc wizards
  4 hound skeletons (D:3)
  14 gnolls
  10 adders
  3 river rats
  2 shadow imps
  20 white imps
  2 ufetubi
  An adder skeleton (D:3)
  A worm (Sewer)
  2 dart slugs
  117 orcs
  12 bats
  14 endoplasms
  10 giant cockroaches
  12 goblins
  4 hobgoblins
  7 quokkas
  4 ball pythons
  6 frilled lizards
  11 kobolds
  8 rats
755 creatures vanquished.

Vanquished Creatures (collateral kills)
  Nessos (Lair:3)
  A vault guard (D:13)
  A spriggan berserker (D:14)
  A skyshark (Lair:5)
  An ugly thing (D:13)
  An elephant (Lair:4)
  A black mamba (Lair:2)
  2 rime drakes
  A komodo dragon (Lair:1)
  2 meliai
  4 polar bears
  2 blink frogs (Lair:5)
  A steam dragon (D:8)
  An ogre (Orc:2)
  6 wolves
  2 orcs
  A frilled lizard (Sewer)
  A rat (D:3)
30 creatures vanquished.

Vanquished Creatures (others)
  A cane toad (Lair:3)
  3 orcs
4 creatures vanquished.

Grand Total: 789 creatures vanquished

Notes
Turn   | Place    | Note
-------+----------+-------------------------------------------
     0 | D:1      | Shayle the Demonspawn Reaver began the quest for the Orb.
     0 | D:1      | Reached XP level 1. HP: 16/16 MP: 3/3
   216 | D:1      | Gained mutation: A weak demonic guardian rushes to your
                  | aid. [demonic ancestry]
   216 | D:1      | Reached XP level 2. HP: 21/22 MP: 5/5
   259 | D:1      | Reached skill level 1 in Necromancy
   753 | D:2      | Reached skill level 1 in Armour
   782 | D:1      | Gained mutation: You have large cloven feet. [demonic
                  | ancestry]
   782 | D:1      | Reached XP level 3. HP: 7/25 MP: 4/6
  1374 | D:3      | Noticed a scorpion
  1379 | D:3      | Reached XP level 4. HP: 11/34 MP: 6/8
  1595 | D:3      | Found Ehaishr Apuug's Book Shop.
  1603 | D:3      | Reached skill level 3 in Fighting
  1657 | D:3      | Killed a scorpion
  1658 | D:3      | Gained mutation: You are partially covered in thin metallic
                  | scales. (AC +2) [demonic ancestry]
  1658 | D:3      | Reached XP level 5. HP: 25/41 MP: 9/9
  2125 | D:4      | Found Totzudij's Weapon Emporium.
  2237 | D:4      | Found Fanocela's Book Emporium.
  2277 | D:4      | Reached XP level 6. HP: 21/47 MP: 9/11
  2426 | D:4      | Found an opulent altar of Gozag.
  2635 | D:4      | Found Bomeiniofo's Distillery.
  2638 | D:4      | Bought a potion of curing for 30 gold pieces
  2638 | D:4      | Bought a potion of curing for 30 gold pieces
  2638 | D:4      | Bought a potion of heal wounds for 50 gold pieces
  2638 | D:4      | Bought a potion of curing for 30 gold pieces
  2676 | D:4      | Noticed a two-headed ogre
  2701 | D:4      | Killed a two-headed ogre
  2702 | D:4      | Reached skill level 4 in Fighting
  2702 | D:4      | Reached XP level 7. HP: 16/55 MP: 11/13
  2887 | D:5      | Entered Level 5 of the Dungeon
  2904 | D:5      | Learned a level 3 spell: Stone Arrow
  3233 | D:5      | You fall into a shaft and drop 3 floors!
  3261 | D:8      | Noticed a steam dragon
  3274 | D:8      | Killed a steam dragon
  3275 | D:8      | Reached skill level 5 in Fighting
  3275 | D:8      | Reached skill level 1 in Earth Magic
  3275 | D:8      | Gained mutation: A demonic guardian rushes to your aid.
                  | [demonic ancestry]
  3275 | D:8      | Reached XP level 8. HP: 62/62 MP: 13/15
  3401 | D:9      | Reached skill level 5 in Necromancy
  3724 | D:8      | Found a shadowy altar of Dithmenos.
  3738 | D:7      | Reached skill level 5 in Spellcasting
  4235 | D:6      | Reached skill level 5 in Armour
  4246 | D:6      | Gained mutation: You have hoof-like feet. [demonic
                  | ancestry]
  4246 | D:6      | Reached XP level 9. HP: 49/69 MP: 14/17
  4282 | D:6      | Found a glowing drain.
  4293 | Sewer    | Entered a sewer
  4866 | Sewer    | Found a viscous altar of Jiyva.
  4870 | Sewer    | Reached skill level 6 in Fighting
  5956 | D:6      | Found a staircase to the Ecumenical Temple.
  5962 | Temple   | Entered the Ecumenical Temple
  5990 | Temple   | Became a worshipper of Ashenzari the Shackled
  7338 | D:7      | Noticed Prince Ribbit
  7427 | D:7      | Killed Prince Ribbit
  7431 | D:7      | Learned a level 2 spell: Blink
  7555 | D:7      | Noticed a troll
  7571 | D:6      | Killed a troll
  8279 | D:7      | Found a sparkling altar of Nemelex Xobeh.
  8279 | D:7      | Found a burning altar of Makhleb.
  8280 | D:7      | Found an ancient bone altar of Kikubaaqudgha.
  8554 | D:7      | Reached skill level 7 in Fighting
  8976 | D:8      | Gained mutation: You regenerate magic rapidly. [demonic
                  | ancestry]
  8976 | D:8      | Reached XP level 10. HP: 79/79 MP: 12/19
  9418 | D:8      | Found a staircase to the Lair.
  9478 | D:8      | Found a stormy altar of Qazlal.
  9582 | D:8      | Noticed Psyche
  9588 | D:8      | Killed Psyche
  9838 | Lair:1   | Entered Level 1 of the Lair of Beasts
  9848 | Lair:1   | Noticed a cane toad
  9854 | Lair:1   | Killed a cane toad
  9854 | Lair:1   | Noticed a black mamba
  9902 | Lair:1   | Noticed a cane toad
 10075 | Lair:1   | Killed a cane toad
 10076 | Lair:1   | Reached skill level 5 in Earth Magic
 10286 | Lair:1   | Killed a black mamba
 10627 | Lair:1   | Noticed Sonja
 10632 | Lair:1   | Killed Sonja
 10638 | Lair:1   | Reached skill level 8 in Fighting
 11017 | Lair:2   | Noticed Gastronok
 11052 | Lair:2   | Killed Gastronok
 11053 | Lair:2   | Gained mutation: When hurt, damage is shared between your
                  | health and your magic reserves. [demonic ancestry]
 11053 | Lair:2   | Reached XP level 11. HP: 87/87 MP: 3/23
 11154 | Lair:2   | Noticed a catoblepas
 11156 | Lair:2   | Noticed an anaconda
 11198 | Lair:2   | Killed a catoblepas
 11507 | Lair:2   | Found a staircase to the Shoals.
 11627 | Lair:2   | Found a hole to the Spider Nest.
 12092 | Lair:2   | Paralysed by a hornet for 2 turns
 12121 | Lair:2   | Reached skill level 9 in Fighting
 12949 | D:9      | Reached skill level 5 in Conjurations
 13322 | D:10     | Entered Level 10 of the Dungeon
 13363 | D:10     | Found a sacrificial altar of Ru.
 13533 | D:11     | Noticed Grum
 13552 | D:11     | Killed Grum
 13577 | D:11     | Found a staircase to the Orcish Mines.
 13597 | D:11     | Identified a scroll of acquirement
 13597 | D:11     | Acquired the Parchment of Brilliant Doom
 14175 | D:12     | Gained mutation: You have hooves in place of feet. [demonic
                  | ancestry]
 14175 | D:12     | Reached XP level 12. HP: 97/97 MP: 25/25
 14306 | D:12     | Found a frozen archway.
 14326 | IceCv    | Entered an ice cave
 14392 | IceCv    | Learned a level 5 spell: Fireball
 14460 | IceCv    | Reached skill level 1 in Fire Magic
 14705 | IceCv    | Reached skill level 10 in Fighting
 14748 | IceCv    | Found the +4 skin of Zhor {*Englaciate rC+++ SInv}
 15025 | IceCv    | Noticed a death yak
 15025 | IceCv    | Noticed a death yak
 15034 | IceCv    | Noticed a death yak
 15062 | IceCv    | Killed a death yak
 15067 | IceCv    | Killed a death yak
 15072 | IceCv    | Killed a death yak
 15131 | IceCv    | Noticed a death yak
 15150 | IceCv    | Killed a death yak
 15157 | IceCv    | Reached skill level 11 in Fighting
 15157 | IceCv    | Reached skill level 5 in Fire Magic
 15390 | IceCv    | Noticed an ironbound frostheart
 15390 | IceCv    | Noticed a death yak
 15390 | IceCv    | Noticed a death yak
 15390 | IceCv    | Noticed an ironbound frostheart
 15401 | IceCv    | Killed an ironbound frostheart
 15425 | IceCv    | Killed a death yak
 15428 | IceCv    | Killed a death yak
 15431 | IceCv    | Killed an ironbound frostheart
 15480 | IceCv    | Got an upside-down book
 15749 | D:12     | Reached XP level 13. HP: 70/108 MP: 10/26
 15957 | D:12     | Reached skill level 12 in Fighting
 16219 | D:12     | Reached * piety under Ashenzari
 16524 | D:12     | Found a runed translucent door.
 16988 | D:13     | Found a gate to the Vaults.
 17463 | D:10     | Identified the +1 leather armour of the Mertaur {Slay+2}
 17937 | Lair:2   | Reached skill level 13 in Fighting
 18182 | Lair:3   | Identified the +9 shortbow of Contradiction {freeze, Fly
                  | Str+3 Dex-5}
 18482 | Lair:3   | Reached ** piety under Ashenzari
 18516 | Lair:3   | Identified the +3 scale mail of Jilukhlaga {rElec rF+ Dex+2
                  | Stlth-}
 18547 | Lair:3   | Noticed Nessos
 18550 | Lair:3   | Killed Nessos
 18587 | Lair:3   | Noticed Urug
 18592 | Lair:3   | Killed Urug
 19210 | Lair:3   | Noticed Rupert
 19419 | Lair:3   | Killed Rupert
 19692 | Lair:3   | Reached skill level 14 in Fighting
 20197 | Lair:4   | Reached XP level 14. HP: 123/123 MP: 18/27
 20287 | Lair:4   | Found a snail-covered altar of Cheibriados.
 20382 | Lair:4   | Reached skill level 10 in Fire Magic
 20688 | Lair:4   | Found a staircase to the Slime Pits.
 21225 | Lair:4   | Reached *** piety under Ashenzari
 21677 | Lair:5   | Entered Level 5 of the Lair of Beasts
 22240 | Lair:5   | Reached skill level 15 in Fighting
 23780 | D:10     | Found a basalt altar of Yredelemnul.
 23996 | D:10     | Found a hide-covered altar of Uskayaw.
 24601 | Orc:1    | Entered Level 1 of the Orcish Mines
 24605 | Orc:1    | Noticed Fannar
 24876 | D:11     | Reached skill level 16 in Fighting
 25122 | Orc:1    | Gained mutation: You are mostly covered in thin metallic
                  | scales. (AC +3) [demonic ancestry]
 25122 | Orc:1    | Reached XP level 15. HP: 128/134 MP: 27/29
 25241 | Orc:1    | Found Okku's Antique Weapon Shop.
 25354 | Orc:2    | Entered Level 2 of the Orcish Mines
 25737 | Orc:2    | Identified the cursed +2 cloak of the Unyielding Gaze
                  | {Self, Cun} (You found it on level 1 of the Dungeon)
 25737 | Orc:2    | HP: 3/134 [ogre mage/+0 halberd (11)]
 26632 | Orc:1    | Reached skill level 10 in Earth Magic
 26857 | Orc:2    | Found Yrow Vio's Armour Shop.
 26860 | Orc:2    | Paralysed by an ogre mage for 2 turns
 26901 | Orc:2    | Found Ymaataax's Antique Armour Emporium.
 26903 | Orc:2    | Found Xigaxtei's Jewellery Shop.
 26913 | Orc:2    | Found Veonn's Antique Armour Boutique.
 27028 | Orc:2    | Found a staircase to the Elven Halls.
 27142 | Orc:2    | Found Durholei's Antique Weapon Boutique.
 27464 | D:11     | Killed Fannar
 29177 | D:4      | Bought the Cyclopedia of Fire for 624 gold pieces
 29186 | D:4      | Learned a level 8 spell: Ignition
 29320 | Shoals:1 | Entered Level 1 of the Shoals
 29325 | Shoals:1 | Noticed Aizul
 30230 | D:14     | Found a broken altar of Ashenzari.
 30572 | D:14     | Gained mutation: You are weak. (Str -2) [potion of
                  | mutation]
 30572 | D:14     | Gained mutation: You expend magic power (3 MP) to
                  | strengthen your wands. [potion of mutation]
 30573 | D:14     | Lost mutation: You are weak. (Str -2) [potion of mutation]
 30573 | D:14     | Lost mutation: You expend magic power (3 MP) to strengthen
                  | your wands. [potion of mutation]
 30573 | D:14     | Gained mutation: You expend magic power (3 MP) to
                  | strengthen your wands. [potion of mutation]
 30573 | D:14     | Gained mutation: You are clumsy. (Dex -2) [potion of
                  | mutation]
 30574 | D:14     | Lost mutation: You are clumsy. (Dex -2) [potion of
                  | mutation]
 30574 | D:14     | Lost mutation: You expend magic power (3 MP) to strengthen
                  | your wands. [potion of mutation]
 30574 | D:14     | Gained mutation: You have hidden genetic potential. [potion
                  | of mutation]
 30574 | D:14     | Gained mutation: Your natural rate of healing is unusually
                  | fast. [potion of mutation]
 30640 | D:14     | Found the +8 Wrath of Trog {antimagic, *Rage Rampage}
 30656 | D:14     | HP: 5/134 [spriggan berserker/+0 rapier (7)]
 30662 | D:14     | HP: 3/134 [spriggan berserker/+0 war axe (2)]
 30665 | D:14     | Mangled by a spriggan berserker

Illustrated notes

Levels and vault maps discovered:
D:1:      sevenhm_arrival_forest_fort_large_2, layout_rooms, minmay_pentomino_x2
D:2:      layout_rooms
D:3:      minmay_skewed_foursquare, layout_rooms, serial_undead,
          serial_undead_b, serial_undead_a, serial_undead_e, serial_undead_b,
          serial_shops, shop
D:4:      layout_cave_pools, mainiacjoe_overflow_alcove_1, serial_shops,
          nicolae_shop_trees, nicolae_shop_window_shopping,
          nicolae_shop_rolling_square, chequers_avenue
D:5:      layout_basic, serial_rivers, chequers_serial_rivers_small_3,
          chequers_serial_rivers_large_a, chequers_serial_rivers_micro_c,
          chequers_serial_rivers_micro_d, hangedman_decor_growths
D:6:      layout_layer_cave, minmay_temple_entry_fiery, gup_sewer_entry_bubbles
D:7:      layout_cave_pools, gammafunk_temple_overflow_claw, uniq_prince_ribbit1
D:8:      layout_rooms, mainiacjoe_overflow_brackets, kennysheep_mini_moat,
          david_lair_shrubbed, nicolae_sextant, uniq_psyche
D:9:      layout_stronghold
D:10:     layout_gridville, nicolae_ru_the_path_less_chosen,
          nicolae_yredelemnul_corpse_copse, kennysheep_mini
D:11:     layout_basic, hiddenorc2_lemuel, uniq_grum
D:12:     layout_gridville, serial_ice, serial_ice_k, serial_ice_b,
          serial_ice_d, serial_ice_m, serial_ice_e, serial_ice_a, serial_ice_n,
          serial_ice_g, serial_ice_o, serial_ice_c, portal_ice_cave_entry_imps,
          lightli_church_of_beogh
D:13:     layout_stronghold, erik_vaults_2, serial_column_ruins,
          column_ruins_hut_ruined, column_ruins_corridor_straight,
          column_ruins_open_tiny, column_ruins_corridor_corner,
          column_ruins_grid_3, column_ruins_columns_straight
D:14:     layout_small_grid, cheibrodos_ashenzari_chains,
          minmay_guarded_unrand_wrath_of_trog, uniq_josephine
Temple:   compressed_dpeg_triangle_lava_temple
Lair:1:   layout_gridlike, uniq_sonja
Lair:2:   layout_long_grid, shoals_dummy_entry,
          hellmonk_spider_entry_not_the_bees, nicolae_lair_lakeside_cave,
          uniq_gastronok
Lair:3:   layout_hall_layers, beast_lair_carwin_10, serial_bayou_shore_a,
          uniq_urug, uniq_rupert, uniq_nessos
Lair:4:   layout_roguey, slime_entry_1, kennysheep_snail_temple
Lair:5:   gammafunk_lair_ancient_temple, layout_regular_city, roderic_batcave
Shoals:1: layout_shoals, abandoned_shop, nicolae_shoals_pincushion_passage,
          uniq_aizul, uniq_frances
Orc:1:    layout_caves, serial_shops, shop, mines2_david, uniq_fannar
Orc:2:    st_orc_open, layout_caves, serial_shops, nicolae_shop_scrapyard

Skill      XL: |  1  2  3  4  5  6  7  8  9 10 11 12 13 14 15 |
---------------+----------------------------------------------+-----
Necromancy     | 1 2 3 4 5 7 8 |  8.5
Armour         | 1 2 3 4 5 6 7 8 |  8.3
Fighting       | 3 4 5 7 8 9 11 14 16 | 16.0
Spellcasting   | 3 4 5 6 7 8 |  8.7
Earth Magic    | 1 2 4 5 7 11 | 11.5
Conjurations   | 5 |  5.5
Fire Magic     | 6 9 12 13 | 13.0
Polearms       | |  2.6
Dodging        | |  1.7

Action                     |  1- 3 |  4- 6 |  7- 9 | 10-12 | 13-15 || total
---------------------------+-------+-------+-------+-------+-------++-------
  Melee: Spear             |   162 |    19 |       |       |       ||   181
         Punch             |     2 |     2 |     4 |     2 |     4 ||    14
         Kick              |    10 |    56 |    67 |   185 |   203 ||   521
         Dagger            |       |   183 |   194 |    10 |       ||   387
         Scimitar          |       |       |       |   511 |   591 ||  1102
  Throw: Dart              |       |       |       |    15 |    18 ||    33
   Cast: Kiss of Death     |     1 |     1 |       |       |       ||     2
         Stone Arrow       |       |       |   127 |   130 |   164 ||   421
         Blink             |       |       |       |     2 |     3 ||     5
         Fireball          |       |       |       |       |   322 ||   322
 Invoke: Curse Item        |       |       |       |     1 |     3 ||     4
  Evoke: Wand              |       |     1 |    11 |    13 |    18 ||    43
         Phial of floods   |       |       |       |       |     3 ||     3
         Phantom mirror    |       |       |       |       |     2 ||     2
    Use: Scroll            |       |     3 |    11 |    17 |    10 ||    41
         Potion            |       |     3 |     1 |     2 |    14 ||    20
   Stab: Distracted        |     1 |       |       |     1 |     1 ||     3
         Paralysed         |       |     7 |    19 |       |       ||    26
         Sleeping          |       |       |     1 |       |       ||     1
         Petrified         |       |       |       |     1 |       ||     1
         Invisible         |       |       |       |       |     2 ||     2
 Armour: Leather armour    |   102 |   121 |   147 |       |       ||   370
         Troll leather arm |       |       |    21 |   488 |       ||   509
         Animal skin       |       |       |       |   141 |   744 ||   885
         Skin              |       |       |       |       |    62 ||    62
  Dodge: Dodged            |    87 |   129 |   184 |   432 |   543 ||  1375
  Block: Other             |       |       |     4 |   209 |   248 ||   461
         Reflection        |       |       |       |     6 |     6 ||    12

Table legend: (Time is in decaauts)
 A = Elapsed time spent in this place.
 B = Non-inter-level travel time spent in this place.
 C = Inter-level travel time spent in this place.
 D = Time resting spent in this place.
 E = Time spent auto-exploring this place.
 F = Levels seen in this place.
 G = Mean time per level.
                   A        B        C        D        E       F      G
               +--------+--------+--------+--------+--------+-----+--------+
         Total |  31314 |  29352 |   1962 |   8494 |  12149 |  25 | 1252.6 |
       Dungeon |  17271 |  16039 |   1232 |   4090 |   7375 |  14 | 1233.6 |
        Temple |     49 |     49 |      0 |      0 |      0 |   1 |   49.0 |
          Lair |   8965 |   8362 |    603 |   2599 |   3406 |   5 | 1793.0 |
        Shoals |     11 |     11 |      0 |      0 |      0 |   1 |   11.0 |
  Orcish Mines |   2561 |   2435 |    126 |   1016 |    772 |   2 | 1280.5 |
         Sewer |    944 |    944 |      0 |    385 |    322 |   1 |  944.0 |
      Ice Cave |   1509 |   1509 |      0 |    404 |    273 |   1 | 1509.0 |
               +--------+--------+--------+--------+--------+-----+--------+

Top non-repeatable levels by time:
  Lair:2: 2759 daAuts
    D:12: 2052 daAuts
     D:6: 1973 daAuts
  Lair:4: 1859 daAuts
   Orc:1: 1741 daAuts
    D:11: 1653 daAuts
     D:7: 1608 daAuts
  Lair:5: 1580 daAuts
    D:13: 1573 daAuts
     D:9: 1560 daAuts
   IceCv: 1509 daAuts
  Lair:1: 1480 daAuts
  Lair:3: 1284 daAuts
    D:10: 1208 daAuts
     D:5: 1127 daAuts
